 Dungeon Crawl Stone Soup version 0.22-a0-348-gd16d139 (webtiles) character file.

2545 Goblin1989 the Basher (level 9, -14/68 HPs)
             Began as a Formicid Fighter on Apr 10, 2018.
             Was an Initiate of Gozag.
             Demolished by an orc warrior
             ... wielding a +0 hand axe
              (15 damage)
             ... in a bailey.
             The game lasted 00:17:04 (6750 turns).

Goblin1989 the Basher (Formicid Fighter)            Turns: 6750, Time: 00:17:04

Health: -14/68     AC: 14    Str: 24    XL:     9   Next: 85%
Magic:  9/9        EV:  9    Int:  8    God:    Gozag
Gold:   564        SH: 10    Dex: 10    Spells: 8/8 levels left

rFire    . . .     SeeInvis +   a - +1 flail
rCold    + . .     Gourm    .   u - +0 shield
rNeg     . . .     Faith    .   T - +3 scale mail
rPois    .         Spirit   .   (helmet unavailable)
rElec    .         Reflect  .   (no cloak)
rCorr    .         Harm     .   O - +0 pair of gloves
MR       .....                  m - +2 pair of boots {run}
Stlth    ..........             (no amulet)
HPRegen  0.21/turn              c - ring of protection from cold
MPRegen  0.11/turn              (no ring)

@: quick
A: permanent stasis, dig shafts and tunnels, four strong arms, antennae 3
a: Dig, Shaft Self, Potion Petition, Call Merchant, Bribe Branch, Renounce
Religion


You were in a bailey.
You worshipped Gozag.
Gozag was pleased with you.
You were very full.

You visited 1 branch of the dungeon, and saw 7 of its levels.
You also visited: Sewer and Bailey.

You collected 825 gold pieces.
You spent 214 gold pieces at shops.
You paid 47 gold pieces to Gozag.

Inventory:

Hand Weapons
 a - a +1 flail (weapon)
 P - a +2 dagger of holy wrath
Missiles
 S - 17 tomahawks of returning (quivered)
Armour
 m - a +2 pair of boots of running (worn)
 u - a +0 shield (worn)
 O - a +0 pair of gloves (worn)
 T - a +3 scale mail (worn)
Jewellery
 c - a ring of protection from cold (left hand)
Wands
 v - a wand of random effects (18)
 Q - a wand of digging (18)
 R - a wand of flame (33)
Scrolls
 h - 3 scrolls of fear {unknown}
 j - 2 scrolls of immolation {unknown}
 l - 3 scrolls of enchant armour {unknown}
 p - 4 scrolls of remove curse {unknown}
 q - 3 scrolls of blinking {unknown}
 t - 2 scrolls of fog {unknown}
 y - 4 scrolls of teleportation {unknown}
 M - a scroll of magic mapping
 N - 2 scrolls of amnesia {unknown}
Potions
 d - a potion of might
 f - 2 potions of lignification {unknown}
 n - 2 potions of resistance
 r - 11 potions of curing {unknown}
 x - 2 potions of cancellation
 A - 2 potions of heal wounds {unknown}
 C - 3 potions of agility {unknown}
 D - 3 potions of flight {unknown}
 E - 2 potions of brilliance {unknown}
Comestibles
 e - 3 rations


   Skills:
 + Level 5.5 Fighting
 * Level 10.6 Maces & Flails
 + Level 5.4 Armour
 + Level 6.0 Shields


You had 8 spell levels left.
You didn't know any spells.

Dungeon Overview and Level Annotations

Branches:
Dungeon (7/15)             Temple (0/1) D:6

Altars:
Cheibriados
Elyvilon
Gozag
Ru

Shops:
D:5 *}%:

Annotations:
D:3 CasualChangeling's ghost, amateur TeFi


Innate Abilities, Weirdness & Mutations

You cannot be hasted, slowed, berserked, paralysed or teleported.
You can dig through walls and to a lower floor.
Your four strong arms can wield two-handed weapons with a shield.
You have a pair of large antennae on your head. (SInv)


Message History

You block the tomahawk of returning.
The weapon returns to the kobold!
The kobold throws a tomahawk of returning.
The tomahawk of returning hits you but does no damage.
You see here a tomahawk of returning.
The kobold throws a tomahawk of returning.
The tomahawk of returning hits you but does no damage.
The weapon returns to the kobold!
The kobold throws a tomahawk of returning.
You block the tomahawk of returning.
The weapon returns to the kobold!
The kobold drinks a potion.
The kobold seems to speed up.
You see here a tomahawk of returning.
The orc warrior shouts!
The kobold throws a tomahawk of returning.
You block the tomahawk of returning.
The weapon returns to the kobold!
The kobold throws a tomahawk of returning.
You block the tomahawk of returning.
The weapon returns to the kobold!
You see here a tomahawk of returning.
The kobold throws a tomahawk of returning.
You block the tomahawk of returning.
The weapon returns to the kobold!
The kobold throws a tomahawk of returning.
The tomahawk of returning hits you but does no damage.
The weapon returns to the kobold!
The kobold throws a tomahawk of returning.
The tomahawk of returning hits you but does no damage.
The weapon returns to the kobold!
You see here a tomahawk of returning.
Unknown command.
The kobold throws a tomahawk of returning.
The tomahawk of returning hits you but does no damage.
The weapon returns to the kobold!
The kobold throws a tomahawk of returning.
The tomahawk of returning barely misses you.
The weapon returns to the kobold!
The kobold throws a tomahawk of returning.
You block the tomahawk of returning.
The weapon returns to the kobold!
The kobold throws a tomahawk of returning.
The tomahawk of returning hits you but does no damage.
The weapon returns to the kobold!
You see here a tomahawk of returning.
The kobold throws a tomahawk of returning.
You block the tomahawk of returning.
The kobold throws a tomahawk of returning.
You block the tomahawk of returning.
The weapon returns to the kobold!
There is an open door here.
The orc warrior drinks a potion.
The orc warrior seems to grow stronger.
The orc warrior hits you with a hand axe.
A kobold comes into view.
You take 6 damage, and have 40/68 hp.
You are too injured to fight recklessly!
You are too injured to fight recklessly!
You are too injured to fight recklessly!
You are too injured to fight recklessly!
You are too injured to fight recklessly!
You are too injured to fight recklessly!
You are too injured to fight recklessly!
You are too injured to fight recklessly!
You are too injured to fight recklessly!
You are too injured to fight recklessly!
You are too injured to fight recklessly!
You are too injured to fight recklessly!
You are too injured to fight recklessly!
You are too injured to fight recklessly!
You are too injured to fight recklessly!
You are too injured to fight recklessly!
You are too injured to fight recklessly!
You are too injured to fight recklessly!
You are too injured to fight recklessly!
You are too injured to fight recklessly!
You are too injured to fight recklessly!
You are too injured to fight recklessly!
You are too injured to fight recklessly!
You are too injured to fight recklessly!
You are too injured to fight recklessly!
You are too injured to fight recklessly!
You closely miss the orc warrior.
The kobold shouts!
The orc warrior hits you with a hand axe.
You take 6 damage, and have 34/68 hp.
You hit the orc warrior but do no damage.
You block the orc warrior's attack.
You closely miss the orc warrior. The orc warrior barely misses you.
You closely miss the orc warrior. You block the orc warrior's attack.
You closely miss the orc warrior. You closely miss the orc warrior.
The orc warrior hits you with a hand axe.
You take 2 damage, and have 33/68 hp.
You barely miss the orc warrior.
The orc warrior hits you with a hand axe.
* * * LOW HITPOINT WARNING * * *
You take 6 damage, and have 27/68 hp.
You hit the orc warrior.
The orc warrior is lightly wounded.
The orc warrior hits you with a hand axe!!
* * * LOW HITPOINT WARNING * * *
You take 26 damage, and have 1/68 hp.
MASSIVE DAMAGE!!
You closely miss the orc warrior.
The orc warrior is lightly wounded.
The orc warrior hits you with a hand axe!
You die...
Your body crumbles into a pile of gold.

♣♣♣∩♣♣♣ █████♣♣♣.....♣♣♣ █
██...██.........█ $!
██.....██{KKK.{.█ ...
██...8...██≈≈≈≈≈█ ....
██.........█≈≈≈≈≈█ ..8..
♣≈≈█.).......@█≈≈≈≈≈█K.....
♣≈≈█.)8..8....oKK((.∆......
♣≈≈█........█████████......
♣≈≈██......██≈≈≈█≈ ██...
♣...██.....█{|.... .
♣....██...)█≈!....
♣♣.....█....██8.8..
♣......∆.)...█o....
♣∩.∩..[∆.....█....∩


You could see an orc warrior and 2 kobolds.

Vanquished Creatures
  The ghost of iamserjio the Ducker, a novice OpMo (D:5)
  Grinder (D:3)
  Menkaure (D:4)
  2 orc warriors (Bailey)
  2 ogres
  A phantom (D:4)
  3 centaurs
  3 big kobolds (Sewer)
  2 bullfrogs
  2 scorpions (D:5)
  A howler monkey (D:4)
  A crimson imp (D:6)
  2 centaur zombies (D:5)
  4 jellies
  3 orc priests
  An orc wizard (D:3)
  Natasha (thrice) (D:2)
  3 worker ants
  A killer bee zombie (D:5)
  2 worker ant zombies (D:5)
  A howler monkey zombie (D:5)
  A howler monkey skeleton (D:4)
  7 adders
  4 gnolls (D:7)
  4 oozes
  An adder skeleton (D:4)
  5 worms
  A dart slug (D:2)
  7 leopard geckos
  11 orcs
  4 ball pythons (Sewer)
  9 bats
  4 giant cockroaches
  13 goblins
  9 hobgoblins
  9 jackals
  8 frilled lizards
  26 kobolds
  2 quokka zombies (D:5)
  6 rats
171 creatures vanquished.

Notes
Turn   | Place    | Note
-------+----------+-------------------------------------------
     0 | D:1      | Goblin1989 the Formicid Fighter began the quest for the Orb.
     0 | D:1      | Reached XP level 1. HP: 18/18 MP: 1/1
    39 | D:1      | Reached XP level 2. HP: 8/24 MP: 2/2
   444 | D:1      | Reached skill level 3 in Maces & Flails
   670 | D:1      | Identified a +2 pair of boots of running (You found it on level 1 of the Dungeon)
   706 | D:1      | Reached XP level 3. HP: 29/29 MP: 3/3
  1319 | D:2      | Noticed Natasha
  1326 | D:2      | Killed Natasha
  1326 | D:2      | Reached skill level 4 in Maces & Flails
  1326 | D:2      | Reached XP level 4. HP: 35/35 MP: 4/4
  1582 | D:2      | Noticed Natasha
  1588 | D:2      | Killed Natasha
  1674 | D:2      | Reached XP level 5. HP: 25/41 MP: 5/5
  1923 | D:2      | Noticed Natasha
  1931 | D:2      | Killed Natasha
  1931 | D:2      | Reached skill level 5 in Maces & Flails
  2696 | D:3      | Noticed a bullfrog
  2700 | D:3      | Reached XP level 6. HP: 38/47 MP: 6/6
  2701 | D:3      | Reached skill level 6 in Maces & Flails
  3170 | D:3      | Noticed Grinder
  3196 | D:3      | Killed Grinder
  3196 | D:3      | Reached skill level 7 in Maces & Flails
  3196 | D:3      | Reached XP level 7. HP: 29/52 MP: 7/7
  3397 | D:3      | Found a sacrificial altar of Ru.
  3429 | D:3      | Noticed CasualChangeling's ghost (amateur TeFi)
  3447 | D:4      | Noticed Menkaure
  3539 | D:4      | Reached skill level 8 in Maces & Flails
  3593 | D:4      | Found an opulent altar of Gozag.
  3626 | D:4      | Became a worshipper of Gozag Ym Sagoz the Greedy
  3647 | D:4      | Reached XP level 8. HP: 37/58 MP: 8/8
  3770 | D:4      | Found a snail-covered altar of Cheibriados.
  3770 | D:4      | Found a white marble altar of Elyvilon.
  3919 | D:4      | Killed Menkaure
  3919 | D:4      | Reached skill level 9 in Maces & Flails
  4650 | D:5      | Entered Level 5 of the Dungeon
  4871 | D:5      | Noticed iamserjio's ghost (novice OpMo)
  5086 | D:5      | Found Vaobb's Book Shoppe.
  5247 | D:5      | Killed iamserjio's ghost
  5247 | D:5      | Reached XP level 9. HP: 57/66 MP: 9/9
  5288 | D:5      | Reached skill level 10 in Maces & Flails
  5288 | D:5      | Reached skill level 5 in Shields
  5356 | D:5      | Found Iddang Bays's Food Shop.
  5413 | D:5      | Found Legazxep's Gadget Emporium.
  5426 | D:5      | Found Lisuj's Assorted Antiques.
  5438 | D:5      | Bought an emerald potion for 26 gold pieces
  5438 | D:5      | Bought a bubbling puce potion for 26 gold pieces
  5438 | D:5      | Bought a dark potion for 26 gold pieces
  5438 | D:5      | Bought a pink potion for 26 gold pieces
  5438 | D:5      | Bought a scroll labeled FIOWNU JEOVO for 29 gold pieces
  5438 | D:5      | Bought a glowing pink potion for 26 gold pieces
  5438 | D:5      | Bought a scroll labeled FAEPUOD BUOXT for 29 gold pieces
  5438 | D:5      | Bought a glowing pink potion for 26 gold pieces
  5590 | D:6      | Found a glowing drain.
  5644 | Sewer    | Entered a sewer
  5898 | Sewer    | Reached skill level 5 in Fighting
  6021 | D:6      | Found a staircase to the Ecumenical Temple.
  6035 | D:6      | Reached skill level 5 in Armour
  6489 | D:7      | Found a flagged portal.
  6553 | Bailey   | Entered a bailey
  6559 | Bailey   | Noticed an orc warlord
  6749 | Bailey   | HP: 1/68 [orc warrior/hand axe (27)]
  6750 | Bailey   | Demolished by an orc warrior

Vault maps used:
D:1:      minmay_arrival_diagonal_passages
D:2:      cheibrodos_helix_gallery, uniq_natasha
D:3:      minitemple, hex_medium, minmay_misc_feat_encased,
          nicolae_ru_path_of_blood, uniq_grinder
D:4:      nicolae_overflow_crystal_walls,
          chequers_temple_overflow_statue_of_worship, first_ration,
          kennysheep_boxes, uniq_menkaure
D:5:      serial_undead, serial_undead_d, serial_undead_a, serial_undead_c,
          serial_undead_e, serial_shops, shop, kennysheep_mini, shop, shop,
          grunt_decor_resistance
D:6:      minmay_temple_entry_glassed_door, gup_sewer_entry_pipe
D:7:      serial_shops, shop_fountains, enter_bailey_3
Sewer:    kennysheep_pipe_town
Bailey:   bailey_axe_bossmonster_kennysheep, bailey

Skill      XL: |  1  2  3  4  5  6  7  8  9 |
---------------+----------------------------+-----
Maces & Flails | 3 4 5 7 8 9 10 | 10.6
Shields        | 4 6 |  6.0
Fighting       | 4 5 |  5.5
Armour         | 4 5 |  5.4

Action                   |  1- 3 |  4- 6 |  7- 9 || total
-------------------------+-------+-------+-------++-------
Melee: Flail             |   100 |   177 |   447 ||   724
 Abil: Dig               |       |     4 |    10 ||    14
Evoke: Wand              |       |       |     5 ||     5
  Use: Potion            |       |     1 |       ||     1
       Scroll            |       |       |     7 ||     7
 Stab: Confused          |       |       |     1 ||     1
       Distracted        |       |       |     2 ||     2
  Eat: Chunk             |     1 |     6 |     2 ||     9
       Ration            |       |       |     5 ||     5
Armor: Scale mail        |    64 |    76 |   159 ||   299
Dodge: Dodged            |    33 |    40 |   127 ||   200
Block: Shield            |    56 |    96 |   249 ||   401

Table legend:
 A = Spawn XP
 B = Non-spawn XP
 C = Spawn XP percentage of total XP
 D = Spawn monster count
 E = Non-spawn monster count
 F = Spawn count percentage of total count
 G = Total turns spent on level
                    A         B        C        D         E        F      G
               +---------+---------+-------+---------+---------+-------+---------
         Total |       0 |    3636 |   0.0 |       0 |     171 |   0.0 |  6750
               +---------+---------+-------+---------+---------+-------+---------
           D:1 |       0 |      44 |   0.0 |       0 |      23 |   0.0 |  1085
           D:2 |       0 |     192 |   0.0 |       0 |      22 |   0.0 |  1575
           D:3 |       0 |     560 |   0.0 |       0 |      29 |   0.0 |   832
           D:4 |       0 |     567 |   0.0 |       0 |      14 |   0.0 |  1158
           D:5 |       0 |     959 |   0.0 |       0 |      15 |   0.0 |   906
           D:6 |       0 |     509 |   0.0 |       0 |      25 |   0.0 |   582
           D:7 |       0 |     184 |   0.0 |       0 |       9 |   0.0 |   104
         Sewer |       0 |     349 |   0.0 |       0 |      24 |   0.0 |   311
        Bailey |       0 |     272 |   0.0 |       0 |      10 |   0.0 |   197
               +---------+---------+-------+---------+---------+-------+---------

Vault maps used:
D:1:      minmay_arrival_diagonal_passages
D:2:      cheibrodos_helix_gallery, uniq_natasha
D:3:      minitemple, hex_medium, minmay_misc_feat_encased,
          nicolae_ru_path_of_blood, uniq_grinder
D:4:      nicolae_overflow_crystal_walls,
          chequers_temple_overflow_statue_of_worship, first_ration,
          kennysheep_boxes, uniq_menkaure
D:5:      serial_undead, serial_undead_d, serial_undead_a, serial_undead_c,
          serial_undead_e, serial_shops, shop, kennysheep_mini, shop, shop,
          grunt_decor_resistance
D:6:      minmay_temple_entry_glassed_door, gup_sewer_entry_pipe
D:7:      serial_shops, shop_fountains, enter_bailey_3
Sewer:    kennysheep_pipe_town
Bailey:   bailey_axe_bossmonster_kennysheep, bailey
